 Dungeon Crawl Stone Soup version 0.29-a0-997-gf6f7e2dfe7 (webtiles) character file.

Game seed: 6676250650160057987

1716 Nato the Frost Mage (level 9, -4/51 HPs)
             Began as an Octopode Ice Elementalist on Aug 4, 2022.
             Was a Believer of Yredelemnul.
             Slain by a +4 mace of chaos (7 damage)
             ... on level 6 of the Dungeon.
             The game lasted 00:22:13 (8191 turns).

Nato the Frost Mage (Octopode Ice Elementalist)     Turns: 8191, Time: 00:22:14

Health: -4/51      AC:  1    Str:  7    XL:     9   Next: 4%
Magic:  10/21      EV: 13    Int: 22    God:    Yredelemnul [**....]
Gold:   435        SH:  0    Dex: 12    Spells: 17/24 levels left

rFire   . . .      SeeInvis .   (no weapon)
rCold   + . .      Faith    .   (no shield)
rNeg    . . .      Spirit   .   (helmet restricted)
rPois   .          Reflect  .   q - amulet of regeneration
rElec   .          Harm     .   j - ring of flight
rCorr   .          Rampage  .   y - ring of protection from cold
Will    .....                   (no ring)
Stlth   +++.......              (no ring)
HPRegen 0.97/turn               (no ring)
MPRegen 0.17/turn               (no ring)
                                (no ring)
                                (no ring)

@: flying
A: almost no armour, amphibious, 8 rings, camouflage 1, gelatinous body 1,
(nimble swimmer 1), tentacles
a: Renounce Religion, Recall Undead Harvest, Dark Bargain


You were on level 6 of the Dungeon.
You worshipped Yredelemnul.
Yredelemnul was noncommittal.
You visited 1 branch of the dungeon, and saw 6 of its levels.

You collected 463 gold pieces.
You spent 28 gold pieces at shops.

Inventory:

Missiles
 l - a throwing net
Armour
 u - a +0 kite shield
Jewellery
 j - a ring of flight (left tentacle)
 q - an amulet of regeneration (around mantle)
 s - an amulet of faith
 y - a ring of protection from cold (right tentacle)
Wands
 t - a wand of flame (22)
 A - a wand of charming (11)
Scrolls
 c - 2 scrolls of brand weapon
 f - a scroll of vulnerability {unknown}
 i - a scroll of fog
 k - 2 scrolls of teleportation
 m - a scroll of amnesia {unknown}
 o - a scroll of magic mapping {unknown}
 r - a scroll of enchant armour {unknown}
 v - 2 scrolls of fear {unknown}
 w - a scroll of acquirement {unknown}
Potions
 a - 2 potions of magic
 b - 2 potions of might
 d - 3 potions of curing
 e - a potion of berserk rage {unknown}
 g - a potion of haste {unknown}
 h - 2 potions of degeneration {unknown}
 n - a potion of mutation {unknown}
 p - a potion of lignification {unknown}
 x - a potion of attraction {unknown}
 z - a potion of heal wounds {unknown}


   Skills:
 - Level 2.0 Dodging
 - Level 3.0 Stealth
 - Level 8.0 Spellcasting
 + Level 8.5 Ice Magic


You had 17 spell levels left.
You knew the following spells:

 Your Spells              Type           Power      Damage    Failure   Level
a - Freeze                Ice            100%       1d11      1%          1
b - Frozen Ramparts       Ice            92%        1d17      1%          3
c - Ozocubu's Armour      Ice            46%        N/A       1%          3

Your spell library contained the following spells:

 Spells                   Type           Power      Damage    Failure   Level
 Hailstorm                Conj/Ice       27%        3d7       13%         4
 Conjure Flame            Conj/Fire      8%         6-21      22%         3
 Ignite Poison            Fire/Tmut/Pois 8%         N/A       22%         3
 Metabolic Englaciation   Hex/Ice        13%        N/A       34%         5
 Sticky Flame             Conj/Fire      8%         2d3       58%         4
 Simulacrum               Ice/Necr       Unusable   N/A       N/A         6

Dungeon Overview and Level Annotations

Branches:
Dungeon (6/15)
 Temple: D:4-7

Altars:
Xom
Yredelemnul
Zin

Shops:
D:2 *

Annotations:
D:3 2 transporters, Jouster's ghost, amateur DrTm
D:6 Yogidamonk's ghost, novice MiHu


Innate Abilities, Weirdness & Mutations

You cannot wear most types of armour.
You are amphibious.
You can wear up to eight rings at the same time.
Your skin changes colour to match your surroundings (Stealth+).
Your rubbery body absorbs attacks. (AC +1, EV +1)
((You are camouflaged when in or above water. (Stealth+)))
You have tentacles for arms and can constrict up to eight enemies at once.


Message History

The +4 mace of chaos is lightly damaged.
The +4 mace of chaos resists.
The wall freezes the +4 mace of chaos.
The +4 mace of chaos hits you.
You feel your power leaking away.
The +4 mace of chaos completely resists.
The wall freezes the +4 mace of chaos but does no damage.
The +4 mace of chaos hits you.
The +4 mace of chaos draws strength from your wounds!
Your steam dragon zombie closely misses the +4 mace of chaos.
Your steam dragon zombie completely misses the +4 mace of chaos.
Your spectral white imp misses the +4 mace of chaos.
Unknown command.
Casting: Freeze (safe; 1% risk of failure)
Confirm with . or Enter, or press ? or * to list all spells.
Aiming: Freeze (safe; 1% risk of failure)
Press: ? - help, Shift-Dir - straight line, f/p - +4 mace of chaos
Aim: a +4 mace of chaos (ally target)
You freeze the +4 mace of chaos.
The +4 mace of chaos resists.
The +4 mace of chaos is lightly damaged.
The +4 mace of chaos completely resists.
The wall freezes the +4 mace of chaos but does no damage.
The +4 mace of chaos hits you.
The wall freezes Yogidamonk's ghost!
Your spectral white imp hits the +4 mace of chaos but does no damage.
Your icy armour and frozen ramparts will break if you move.
Continue?
The +4 mace of chaos attacks as you move away!
The +4 mace of chaos hits you but does no damage.
Your icy armour cracks and falls away as you move.
The frozen ramparts melt away as you move.
The +4 mace of chaos hits you!
* * * LOW HITPOINT WARNING * * *
The +4 mace of chaos burns you!
* * * LOW HITPOINT WARNING * * *
Your water moccasin zombie completely misses the +4 mace of chaos.
Your adder zombie bites the +4 mace of chaos but does no damage.
Yogidamonk's ghost hits your steam dragon zombie.
Your spectral white imp barely misses the +4 mace of chaos.
Your water moccasin zombie bites the +4 mace of chaos.
The +4 mace of chaos hits you!
You die...
Your body rises from the dead as a mindless zombie.

#..###.##.....## #.#
#......##....## #..
###......####.## #..
#.......## #..## #..
##.......# ##..######.
#......Z.#####.##.....
##......ZZ..###........
###......(ZZ..#.....#..Z.
#.......@##'##......##.##
##...##..#W_.#......#####
#####...##.##Z......####
##....###..........#.
##.............>..#.ZZ
#...................##
######...........Z......##.
###.#.##...........Z.......#.
##...................Z........


You could see a +4 mace of chaos (ally target), 2 friendly spectral white imps,
a friendly adder zombie, a friendly water moccasin zombie and a friendly steam
dragon zombie.

Vanquished Creatures
  A steam dragon (D:6)
  A water moccasin (D:6)
  A black bear (D:5)
  An ice beast (D:5)
  2 sky beasts (D:6)
  An ogre (D:6)
  2 scorpions (D:5)
  2 necrophages (D:5)
  A water moccasin skeleton (D:5)
  2 howler monkeys
  A jelly (D:5)
  2 hounds (D:5)
  4 iguanas
  4 gnolls (D:4)
  10 adders
  3 shadow imps
  2 white imps
  3 ufetubi
  An adder skeleton (D:5)
  An adder zombie (D:5)
  3 worms
  10 dart slugs (D:4)
  4 orcs
  3 bats
  7 endoplasms
  A giant cockroach (D:2)
  4 goblins
  7 hobgoblins
  2 jackals (D:1)
  A kobold (D:1)
  2 quokkas
  5 ball pythons
  3 frilled lizards
  5 rats
102 creatures vanquished.

Vanquished Creatures (collateral kills)
  A water moccasin zombie (D:5)
  A bullfrog skeleton (D:5)
  A scorpion zombie (D:5)
  A hound zombie (D:5)
  A hound skeleton (D:5)
  A gnoll (D:4)
  2 white imps (D:6)
  A dart slug (D:4)
  An endoplasm (D:3)
  2 goblins (D:1)
  A hobgoblin (D:2)
  A jackal (D:1)
  2 kobolds
  A ball python (D:3)
  2 bats (D:1)
19 creatures vanquished.

Vanquished Creatures (others)
  A hound zombie (D:5)
  A white imp (D:6)
  An iguana zombie (D:5)
  A spectral shadow imp (D:5)
  An adder zombie (D:5)
  3 bat zombies
  A dart slug zombie (D:4)
  A spectral ufetubus (D:6)
  3 demonic plants (D:6)
  4 fungi (D:4)
  4 plants (D:1)
  4 toadstools (D:4)
  6 withered plants
31 creatures vanquished.

Grand Total: 152 creatures vanquished

Notes
Turn   | Place    | Note
-------+----------+-------------------------------------------
     0 | D:1      | Nato the Octopode Ice Elementalist began the quest for the
                  | Orb.
     0 | D:1      | Reached XP level 1. HP: 11/11 MP: 3/3
   170 | D:1      | Reached XP level 2. HP: 15/17 MP: 3/5
   243 | D:1      | Found a faded altar of an unknown god.
   321 | D:1      | Prayed at the altar of an unknown god.
   321 | D:1      | Became a worshipper of Yredelemnul the Dark
   321 | D:1      | Reached * piety under Yredelemnul
   769 | D:1      | Reached XP level 3. HP: 17/21 MP: 4/7
  1319 | D:2      | Reached XP level 4. HP: 27/27 MP: 7/9
  1694 | D:2      | Found Plog's General Store.
  1702 | D:2      | Bought a scroll of identify for 28 gold pieces
  2041 | D:2      | Reached ** piety under Yredelemnul
  2499 | D:3      | Learned a level 3 spell: Frozen Ramparts
  2503 | D:3      | Learned a level 3 spell: Ozocubu's Armour
  2621 | D:3      | Noticed Jouster's ghost (amateur DrTm)
  2625 | D:3      | Noticed a steam dragon
  2627 | D:3      | Found a transporter.
  2643 | D:3      | Found a transporter.
  3030 | D:3      | Found a glowing silver altar of Zin.
  3221 | D:3      | Reached XP level 5. HP: 31/31 MP: 9/11
  3638 | D:4      | Reached skill level 5 in Ice Magic
  4369 | D:4      | Reached XP level 6. HP: 30/36 MP: 8/12
  4479 | D:4      | Reached *** piety under Yredelemnul
  4715 | D:5      | Entered Level 5 of the Dungeon
  5048 | D:5      | Reached XP level 7. HP: 39/41 MP: 5/13
  5547 | D:5      | Reached skill level 5 in Spellcasting
  5791 | D:5      | Reached XP level 8. HP: 31/46 MP: 10/16
  6818 | D:6      | Upgraded the game from 0.29-a0-994-gc5c9f59d18 to
                  | 0.29-a0-997-gf6f7e2dfe7
  7773 | D:6      | Found a runed translucent door.
  7774 | D:6      | Found a shimmering altar of Xom.
  7774 | D:6      | Noticed Yogidamonk's ghost (novice MiHu)
  7776 | D:6      | Noticed a +4 mace of chaos
  7799 | D:6      | Reached XP level 9. HP: 25/51 MP: 13/21
  8190 | D:6      | HP: 2/51 [+4 mace of chaos (7)]
  8191 | D:6      | Slain by a +4 mace of chaos

Illustrated notes

Levels and vault maps discovered:
D:1:      minmay_arrival_stone_box, layout_basic,
          shapermc_ecumenical_altar_flowoftime
D:2:      layout_loops_ring, serial_shops, shop
D:3:      layout_loops_ring, lemuel_tele_altar, gammafunk_ghost_arena
D:4:      kennysheep_slugbush, layout_basic, minmay_gold_behind_fungi,
          sigmund_army
D:5:      layout_rooms, serial_undead, serial_undead_f, serial_undead_a,
          serial_undead_d, serial_undead_f
D:6:      layout_cave_pools, ebering_ghost_xom, serial_demonic,
          serial_demonic_c, serial_demonic_g, serial_demonic_f,
          serial_demonic_c, serial_demonic_b, serial_demonic_g

Skill      XL: |  1  2  3  4  5  6  7  8 |
---------------+-------------------------+-----
Stealth        | 3 |  3.0
Spellcasting   | 3 4 5 8 |  8.0
Ice Magic      | 5 7 8 |  8.5
Dodging        | |  2.0

Action                   |  1- 3 |  4- 6 |  7- 9 || total
-------------------------+-------+-------+-------++-------
Melee: Unarmed           |    18 |    28 |    34 ||    80
       Constrict         |     7 |    13 |    10 ||    30
       Tentacles         |     6 |     4 |     6 ||    16
       Punch             |       |       |     4 ||     4
 Cast: Freeze            |    28 |    78 |    66 ||   172
       Frozen Ramparts   |       |     8 |    24 ||    32
       Ozocubu's Armour  |       |     2 |    16 ||    18
Evoke: Wand              |       |       |     7 ||     7
  Use: Scroll            |       |       |     5 ||     5
 Stab: Sleeping          |       |     2 |       ||     2
       Distracted        |       |     1 |       ||     1
Armor: Skin              |     2 |     6 |    26 ||    34
Dodge: Dodged            |    21 |    62 |    66 ||   149

Table legend: (Time is in decaauts)
 A = Elapsed time spent in this place.
 B = Non-inter-level travel time spent in this place.
 C = Inter-level travel time spent in this place.
 D = Time resting spent in this place.
 E = Time spent auto-exploring this place.
 F = Levels seen in this place.
 G = Mean time per level.
                   A        B        C        D        E       F      G
               +--------+--------+--------+--------+--------+-----+--------+
         Total |   8192 |   7757 |    435 |   2674 |   4030 |   6 | 1365.3 |
       Dungeon |   8192 |   7757 |    435 |   2674 |   4030 |   6 | 1365.3 |
               +--------+--------+--------+--------+--------+-----+--------+

Top non-repeatable levels by time:
     D:5: 2533 daAuts
     D:3: 1341 daAuts
     D:2: 1191 daAuts
     D:4: 1160 daAuts
     D:1: 1020 daAuts
     D:6: 944 daAuts
